 Dungeon Crawl Stone Soup version 0.30-a0-134-gb40fab5c76 (webtiles) character file.

Game seed: 14189671904998054596

36366 nicolae the Nimble (level 13, 79/79 HPs)
             Began as a Vine Stalker Air Elementalist on Aug 25, 2022.
             Was an Elder of Ashenzari.
             Quit the game on level 2 of the Lair of Beasts on Sept 19, 2022.
             The game lasted 00:59:17 (19951 turns).

nicolae the Nimble (Vine Stalker Air Elementalist) Turns: 19951, Time: 00:59:18

Health: 79/79      AC: 14    Str: 11    XL:     13   Next: 89%
Magic:  25/25      EV: 18    Int: 30    God:    Ashenzari [****..]
Gold:   733        SH:  0    Dex: 16    Spells: 9/27 levels left

rFire   + + .      SeeInvis +    w - +1 flail of Ashenzari's Sorrow {vorpal, Bglg, Self} (curse)
rCold   . . .      Faith    .    (no shield)
rNeg    . . .      Spirit   +    t - +2 leather armour {rF+}
rPois   .          Reflect  .    n - +1 hat {Stlth+}
rElec   .          Harm     .    c - +1 cloak of the Bound Awkwardness {Fort, Elem} (curse)
rCorr   .          Rampage  .    F - +2 pair of gloves of the Bound Sky {Cun, Evo} (curse)
Will    +....      Clarity  +    a - +2 pair of boots of the Cosmic Augur {Self, Comp} (curse)
Stlth   +++.......               (no amulet)
HPRegen 1.03/turn                s - ring of Ashenzari's Doubts {rF+ Int+5, Self, Fort} (curse)
MPRegen 0.19/turn                l - ring of Ashenzari's Yoke {Int+6, Elem, Evo} (curse)

@: no status effects
A: fangs 3, regeneration 1, magic shield, antimagic bite, no potion heal 2
a: Renounce Religion, Curse Item, Shatter the Chains


You were on level 2 of the Lair of Beasts.
You worshipped Ashenzari.
Ashenzari was greatly pleased with you.
You visited 3 branches of the dungeon, and saw 13 of its levels.
You also visited: Sewer, Ossuary and Bailey.

You collected 733 gold pieces.

Inventory:

Hand Weapons
 w - the cursed +1 flail of Ashenzari's Sorrow (weapon) {vorpal, Bglg, Self}
   (You found it on level 5 of the Dungeon)

   It inflicts extra damage upon your enemies.
   It has a curse which improves the following skills: Beguiling: Conjurations,
   Hexes and Translocations.
   Introspection: Fighting and Spellcasting.
Missiles
 i - 6 silver javelins
 j - 14 poisoned darts
 v - 2 boomerangs of dispersal
 y - 8 boomerangs
 H - a silver boomerang
Armour
 a - the cursed +2 pair of boots of the Cosmic Augur (worn) {Self, Comp}
   (You found it on level 6 of the Dungeon)

   It has a curse which improves the following skills: Introspection: Fighting
   and Spellcasting.
   Companions: Summonings and Necromancy.
 c - the cursed +1 cloak of the Bound Awkwardness (worn) {Fort, Elem}
   (You found it on level 1 of the Dungeon)

   It has a curse which improves the following skills: Fortitude: Armour and
   Shields.
   Elements:  Fire Magic, Ice Magic, Air Magic and Earth Magic.
 n - a +1 hat of stealth (worn)
 t - a +2 leather armour of fire resistance (worn)
 F - the cursed +2 pair of gloves of the Bound Sky (worn) {Cun, Evo}
   (You found it on level 7 of the Dungeon)

   It has a curse which improves the following skills: Cunning: Dodging and
   Stealth.
   Evocations: Evocations.
Jewellery
 l - the cursed ring of Ashenzari's Yoke (right hand) {Int+6, Elem, Evo}
   (You found it on level 5 of the Dungeon)

   [ring of intelligence]

   Int:       It affects your intelligence (+6).
   It has a curse which improves the following skills: Elements: Fire Magic, Ice
   Magic, Air Magic and Earth Magic.
   Evocations: Evocations.
 q - a ring of resist corrosion
 s - the cursed ring of Ashenzari's Doubts (left hand) {rF+ Int+5, Self, Fort}
   (You acquired it on level 8 of the Dungeon)

   [ring of protection from fire]

   Int:       It affects your intelligence (+5).
   rF:        It protects you from fire.
   It has a curse which improves the following skills: Introspection: Fighting
   and Spellcasting.
   Fortitude: Armour and Shields.
Wands
 b - a wand of quicksilver (1)
 x - a wand of paralysis (1)
 K - a wand of flame (14)
Scrolls
 d - 11 scrolls of teleportation
 h - a scroll of magic mapping
 m - 4 scrolls of vulnerability
 u - a scroll of butterflies
 B - 2 scrolls of amnesia
 D - 2 scrolls of immolation
 G - 2 scrolls of blinking
 J - a scroll of fear
Potions
 e - 4 potions of cancellation
 f - a potion of haste
 g - 2 potions of invisibility
 k - a potion of berserk rage
 o - 6 potions of curing
 p - 3 potions of brilliance
 r - 3 potions of attraction
 z - a potion of ambrosia
 A - 3 potions of resistance
 C - 2 potions of lignification
 E - 2 potions of mutation


   Skills:
 - Level 10.2(14.1) Fighting
 - Level 10.8(12.7) Dodging
 - Level 2.4(4.0) Stealth
 - Level 4.0(7.5) Spellcasting
 + Level 8.3(10.3) Conjurations
 + Level 7.5(10.5) Ice Magic
 - Level 10.0(12.9) Air Magic
 - Level 4.8(7.6) Evocations


You had 9 spell levels left.
You knew the following spells:

 Your Spells              Type           Power      Damage    Failure   Level
a - Shock                 Conj/Air       100%       1d9       1%          1
b - Static Discharge      Conj/Air       100%       2-7/arc   1%          2
c - Swiftness             Air            73%        N/A       1%          3
d - Airstrike             Air            36%        2d(6-22)  1%          4
e - Frozen Ramparts       Ice            100%       1d16      1%          3
f - Ozocubu's Armour      Ice            65%        N/A       1%          3
g - Sublimation of Blood  Necr           12%        N/A       9%          2

Your spell library contained the following spells:

 Spells                   Type           Power      Damage    Failure   Level
 Apportation              Tloc           24%        N/A       5%          1
 Necrotise                Necr           48%        1d6       5%          1
 Summon Small Mammal      Summ           48%        N/A       5%          1
 Sticky Flame             Conj/Fire      43%        2d6       6%          4
 Summon Ice Beast         Ice/Summ       43%        N/A       6%          4
 Ice Form                 Ice/Tmut       42%        N/A       7%          4
 Wereblood                Tmut           11%        N/A       9%          2
 Dispel Undead            Necr           12%        3d9       47%         4
 Ozocubu's Refrigeration  Ice            32%        4d14      54%         7
 Summon Hydra             Summ           6%         N/A       100%        7
 Borgnjor's Revivificati  Necr           6%         N/A       100%        8
 Necromutation            Tmut/Necr      6%         N/A       100%        8
 Death's Door             Necr           6%         N/A       100%        9


Dungeon Overview and Level Annotations

Branches:
Dungeon (10/15)            Temple (1/1) D:4            Lair (2/5) D:9
  Swamp (0/4) Lair:2        Snake (0/4) Lair:2        Sewer (visited)
Ossuary (visited)          Bailey (visited)
    Orc: D:9-12

Altars:
Ashenzari
Cheibriados
Dithmenos
Elyvilon
Fedhas
Gozag
Hepliaklqana
Kikubaaqudgha
Makhleb
Nemelex Xobeh
Okawaru
Qazlal
Ru
Sif Muna
Trog
Uskayaw
Vehumet
Wu Jian
Xom
Yredelemnul
Zin
The Shining One

Annotations:
D:6 3 runed translucent doors, ytrimaz's ghost, novice OpTm


Innate Abilities, Weirdness & Mutations

You have razor-sharp teeth.
Your natural rate of healing is unusually fast.
When hurt, damage is shared between your health and your magic reserves.
Your bite disrupts and absorbs the magic of your enemies.
Potions cannot restore your health.


Message History

The five-headed hydra is heavily wounded.
The air twists around and strikes the five-headed hydra!!
The five-headed hydra is almost dead.
You completely miss the five-headed hydra.
The five-headed hydra is almost dead.
The five-headed hydra misses you.
The five-headed hydra bites you but does no damage.
The five-headed hydra barely misses you.
The five-headed hydra misses you.
The five-headed hydra closely misses you.
Casting: Airstrike (safe; 1% risk of failure)
Confirm with . or Enter, or press ? or * to list all spells.
Casting: Frozen Ramparts (safe; 1% risk of failure)
Press: ? - help, Dir - look around, f - activate The walls around you are covered in ice.
The wall freezes the five-headed hydra!
You kill the five-headed hydra!
The frozen ramparts melt away.
You enter the shallow water.
Moving in this stuff is going to be slow.
You enter the shallow water.
Moving in this stuff is going to be slow.
A cane toad comes into view.
The air twists around and strikes the cane toad!
The cane toad gives a loud, deep croak!
The cane toad is moderately wounded.
The air twists around and strikes the cane toad!!
The cane toad is severely wounded.
The air twists around and strikes the cane toad!
You kill the cane toad!
You start resting.
Magic restored.
You can't see any susceptible monsters within range! (Use Z to cast anyway.)
You can't see any susceptible monsters within range! (Use Z to cast anyway.) Ashenzari invites you to partake of a vision and a curse of beguiling and companions.
Save game and exit?
Welcome back, nicolae the Vine Stalker Air Elementalist.
Ashenzari says: Partake of my vision.
Partake of my curse.
Press ? for a list of commands and other information.
Are you sure you want to abandon this character and quit the game? (Confirm with "yes".)

*, ,,,........## #.,
,,* *.P.... ** #####.
*, * * , * * #.....# **
* , ♣♣ .......## ,
,,#♣~ *#P.P....#######
*#...~P~ *
#P......#.#### #...~♣P
*#.........######.♣~~~
* #...@......##..#..~~~
#..###..#.......##...~~
*, ###.##.#..........♣
*########.......... ,,,
#####........ *,* *
#####..#.##. , ,*
*.#.##....##### * ,, ,
........### * , ,,
........##


There were no monsters in sight!

Vanquished Creatures
  Gastronok (Lair:2)
  Snorg (D:10)
  3 hydras (Lair:2)
  2 two-headed ogres
  Pikel (D:7)
  3 orc knights (Bailey)
  A manticore (D:9)
  5 elephants (Lair:2)
  3 cane toads
  An ice statue (D:10)
  Maggie (D:8)
  A gargoyle (D:9)
  3 komodo dragons
  An unseen horror (D:10)
  3 kobold demonologists
  A troll (D:10)
  A polar bear (Lair:1)
  A blink frog (Lair:2)
  A shadow (D:9)
  36 yaks
  3 wyverns
  2 steam dragons
  A swamp worm (Lair:2)
  7 water moccasins
  16 orc warriors
  An ice beast (D:7)
  4 black bears
  An ogre (D:5)
  2 centaurs (D:10)
  A phantom (D:4)
  2 lemures (D:7)
  7 bullfrogs
  3 necrophages
  10 scorpions
  A gnoll sergeant (D:10)
  A wyvern zombie (D:6)
  9 wights
  5 killer bees (D:10)
  2 howler monkeys (D:4)
  5 electric eels
  2 centaur zombies
  A hound (D:6)
  2 jellies
  2 human zombies (Ossuary)
  An orc priest (D:8)
  8 iguanas
  2 gnoll boudas
  5 scorpion zombies (Ossuary)
  16 orc wizards
  3 mummies (Ossuary)
  15 gnolls
  8 adders
  10 river rats
  A shadow imp (D:7)
  An ufetubus (D:5)
  5 dart slugs
  50 orcs
  2 endoplasms (D:4)
  4 giant cockroaches
  12 goblins
  9 hobgoblins
  3 jackals (D:2)
  3 quokkas
  18 ball pythons
  4 bats
  5 frilled lizards
  A gnoll zombie (Ossuary)
  A goblin zombie (Ossuary)
  8 kobolds
  2 kobold zombies (Ossuary)
  4 orc zombies (Ossuary)
  38 rats
399 creatures vanquished.

Vanquished Creatures (others)
  An ufetubus (D:7)
  13 fungi
  17 plants
  9 withered plants (D:9)
40 creatures vanquished.

Grand Total: 439 creatures vanquished

Notes
Turn   | Place    | Note
-------+----------+-------------------------------------------
     0 | D:1      | nicolae the Vine Stalker Air Elementalist began the quest
                  | for the Orb.
     0 | D:1      | Reached XP level 1. HP: 9/9 MP: 4/4
   531 | D:1      | Reached XP level 2. HP: 13/13 MP: 0/6
   534 | D:1      | Learned a level 2 spell: Static Discharge
  1402 | D:2      | Found a faded altar of an unknown god.
  1446 | D:2      | Reached XP level 3. HP: 12/16 MP: 3/7
  2645 | D:3      | Gained mutation: Your natural rate of healing is unusually
                  | fast. [Vine Stalker growth]
  2645 | D:3      | Reached XP level 4. HP: 16/21 MP: 1/8
  3031 | D:3      | Identified the +6 scale mail of Twilight {rN++}
  3061 | D:3      | Found a bloodstained altar of Trog.
  3174 | D:3      | Found a broken altar of Ashenzari.
  3242 | D:3      | Learned a level 3 spell: Swiftness
  3452 | D:4      | Noticed a phantom
  3467 | D:4      | Killed a phantom
  3468 | D:4      | Reached skill level 5 in Air Magic
  3468 | D:4      | Reached XP level 5. HP: 21/24 MP: 3/9
  3660 | D:4      | Found a staircase to the Ecumenical Temple.
  3728 | D:4      | Reached XP level 6. HP: 11/28 MP: 4/10
  3743 | Temple   | Entered the Ecumenical Temple
  3977 | D:3      | Became a worshipper of Ashenzari the Shackled
  4597 | D:4      | Reached skill level 5 in Conjurations
  4613 | D:4      | Found a snail-covered altar of Cheibriados.
  4663 | D:5      | Entered Level 5 of the Dungeon
  4714 | D:5      | Noticed a water moccasin
  4748 | D:5      | Found a sand-covered staircase.
  4755 | Ossuary  | Entered an ossuary
  4805 | Ossuary  | Reached XP level 7. HP: 26/32 MP: 2/11
  5171 | Ossuary  | Gained mutation: You have razor-sharp teeth. [Vine Stalker
                  | growth]
  5171 | Ossuary  | Reached XP level 8. HP: 32/36 MP: 6/12
  5800 | D:5      | Learned a level 4 spell: Airstrike
  6484 | D:5      | Found a hazy altar of Hepliaklqana.
  6664 | D:5      | Reached skill level 10 in Air Magic
  6888 | D:6      | Found a glowing drain.
  6898 | D:6      | Reached skill level 1 in Fighting
  6899 | Sewer    | Entered a sewer
  7516 | Sewer    | Reached XP level 9. HP: 43/43 MP: 11/13
  8542 | D:6      | Found a runed translucent gate.
  8542 | D:6      | Found a runed translucent gate.
  8542 | D:6      | Found a runed translucent gate.
  8542 | D:6      | Noticed ytrimaz's ghost (novice OpTm)
  8544 | D:6      | Found a basalt altar of Yredelemnul.
  8680 | D:6      | Reached skill level 5 in Dodging
  8688 | D:6      | Reached skill level 1 in Evocations
  8708 | D:6      | Reached * piety under Ashenzari
  8823 | D:6      | Found an opulent altar of Gozag.
  9850 | D:7      | Reached XP level 10. HP: 36/51 MP: 4/15
 10026 | D:7      | Learned a level 3 spell: Frozen Ramparts
 10054 | D:7      | Reached skill level 1 in Ice Magic
 10064 | D:7      | Noticed Pikel
 10195 | D:7      | Killed Pikel
 10611 | D:7      | Reached ** piety under Ashenzari
 10675 | D:7      | Found a stormy altar of Qazlal.
 10675 | D:7      | Found a burning altar of Makhleb.
 10748 | D:8      | Found a flagged portal.
 10761 | Bailey   | Entered a bailey
 10937 | Bailey   | Noticed an orc knight
 10970 | Bailey   | Reached skill level 5 in Fighting
 10972 | Bailey   | HP: 1/53 [orc knight/+0 war axe (12)]
 11079 | Bailey   | Killed an orc knight
 11387 | Bailey   | Noticed an orc knight
 11810 | Bailey   | Killed an orc knight
 12193 | Bailey   | Noticed an orc knight
 12215 | Bailey   | Killed an orc knight
 12223 | Bailey   | Found an iron altar of Okawaru.
 12350 | Bailey   | Noticed a kobold demonologist
 12356 | Bailey   | Killed a kobold demonologist
 12357 | Bailey   | Reached XP level 11. HP: 62/62 MP: 0/16
 12743 | Bailey   | Identified a scroll of acquirement
 13003 | D:8      | Acquired the ring of Nihilism {rF+ Int+5}
 13018 | D:8      | Noticed Maggie
 13031 | D:8      | Killed Maggie
 13866 | D:9      | Noticed a two-headed ogre
 13871 | D:9      | Killed a two-headed ogre
 14472 | D:9      | Found an iron altar of Okawaru.
 14724 | D:9      | Learned a level 3 spell: Ozocubu's Armour
 14900 | D:9      | Noticed a two-headed ogre
 14957 | D:9      | Found an ancient bone altar of Kikubaaqudgha.
 15067 | D:9      | Found a staircase to the Lair.
 15078 | D:9      | Reached XP level 12. HP: 61/67 MP: 9/20
 15362 | D:9      | Learned a level 2 spell: Sublimation of Blood
 15557 | D:10     | Entered Level 10 of the Dungeon
 15563 | D:10     | Noticed Snorg
 15581 | D:10     | Killed Snorg
 15774 | D:10     | Found a shimmering altar of Xom.
 15937 | D:9      | Upgraded the game from 0.30-a0-23-ge60ba3568b to
                  | 0.30-a0-40-gc6d0f036a7
 16090 | D:9      | Reached skill level 10 in Fighting
 16090 | D:9      | Reached skill level 10 in Dodging
 16090 | D:9      | Reached XP level 13. HP: 75/75 MP: 22/22
 16324 | D:9      | Upgraded the game from 0.30-a0-40-gc6d0f036a7 to
                  | 0.30-a0-55-g90e3122c3a
 17010 | D:10     | Found a sacrificial altar of Ru.
 17656 | Lair:1   | Entered Level 1 of the Lair of Beasts
 17713 | Lair:1   | Reached skill level 5 in Ice Magic
 17952 | Lair:1   | Reached *** piety under Ashenzari
 18686 | Lair:2   | Reached **** piety under Ashenzari
 19464 | Lair:2   | Found a staircase to the Snake Pit.
 19485 | Lair:2   | Noticed Gastronok
 19505 | Lair:2   | Killed Gastronok
 19950 | Lair:2   | Upgraded the game from 0.30-a0-55-g90e3122c3a to
                  | 0.30-a0-134-gb40fab5c76
 19951 | Lair:2   | Quit the game

Illustrated notes

Levels and vault maps discovered:
D:1:      denvon_arrival_planthouse, layout_loops_corners
D:2:      layout_rooms, dreamdust_ecumenical_altar_grove,
          chequers_serial_rivers_small_b, nrook_campfire,
          corexii_item_surrounded_by_moat
D:3:      layout_rooms, trog_book, mainiacjoe_overflow_surrounded_room
D:4:      layout_loops_ring, lemuel_round_altar, temple_doors_e
D:5:      layout_gridville, old_standard_altar, nicolae_ossuary_entry_plus,
          corexii_shack, corner_web_ring, kennysheep_generic_room_14
D:6:      layout_cave_pods, nicolae_yredelemnul_ghost_church,
          nicolae_overflow_hidden_temple, gup_sewer_entry_bubbles
D:7:      layout_loops_ring, mainiacjoe_overflow_divided_tiny,
          chequers_serial_rivers_small_b, uniq_pikel
D:8:      layout_basic, enter_bailey_2, uniq_maggie
D:9:      layout_basic, kiku_gazebo_garden_becter, okawaru_ov_weapons_minmay,
          grunt_lair_entry_orc_guard_hut, onia_ninara_dug_in_and_dangerous
D:10:     layout_long_grid, mainiacjoe_overflow_paths, nicolae_ru_awakened_eye,
          minivault_16, minmay_chambers_of_fives, uniq_snorg
Temple:   eino_temple_lava
Lair:1:   layout_roguey
Lair:2:   layout_layer_cave, palyth_hydra_swamp_entry, dummy_snake_entry,
          serial_bayou, serial_bayou_shore_a, serial_bayou_pond_e,
          serial_bayou_pond_b, serial_bayou_ford_a, serial_bayou_lagoon_b,
          uniq_gastronok

Skill      XL: |  1  2  3  4  5  6  7  8  9 10 11 12 13 |
---------------+----------------------------------------+-----
Conjurations   | 2 3 4 5 8 |  8.3
Air Magic      | 5 6 8 10 | 10.0
Fighting       | 2 4 8 10 | 10.2
Dodging        | 5 8 10 | 10.8
Evocations     | 3 4 |  4.8
Ice Magic      | 3 7 |  7.5
Spellcasting   | 4 |  4.0
Stealth        | |  2.4

Action                   |  1- 3 |  4- 6 |  7- 9 | 10-12 | 13-15 || total
-------------------------+-------+-------+-------+-------+-------++-------
Melee: Unarmed           |     6 |       |       |       |       ||     6
       Bite              |    13 |    11 |    51 |    70 |    46 ||   191
       Whip              |    32 |       |       |       |       ||    32
       Hand axe          |     5 |    20 |       |       |       ||    25
       Punch             |     1 |       |     1 |     6 |     2 ||    10
       War axe           |       |    20 |    82 |       |       ||   102
       Flail             |       |       |    55 |   160 |    78 ||   293
 Cast: Shock             |    63 |    79 |   168 |   204 |    30 ||   544
       Static Discharge  |     2 |     8 |    51 |    49 |     9 ||   119
       Airstrike         |       |       |     5 |    32 |    76 ||   113
       Frozen Ramparts   |       |       |       |    12 |     8 ||    20
       Ozocubu's Armour  |       |       |       |     3 |     6 ||     9
       Sublimation of Bl |       |       |       |       |     1 ||     1
Invok: Curse Item        |       |       |     2 |     2 |     2 ||     6
Evoke: Wand              |       |       |     3 |    19 |     3 ||    25
  Use: Scroll            |     4 |     4 |     9 |     7 |     2 ||    26
       Potion            |       |     2 |     3 |     5 |     1 ||    11
 Stab: Sleeping          |       |       |     4 |       |       ||     4
       Paralysed         |       |       |       |    13 |       ||    13
       Distracted        |       |       |       |     1 |       ||     1
Armor: Robe              |     1 |       |       |       |       ||     1
       Leather armour    |    11 |    16 |    65 |    74 |    72 ||   238
Dodge: Dodged            |    31 |    38 |   125 |   176 |   127 ||   497

Table legend: (Time is in decaauts)
 A = Elapsed time spent in this place.
 B = Non-inter-level travel time spent in this place.
 C = Inter-level travel time spent in this place.
 D = Time resting spent in this place.
 E = Time spent auto-exploring this place.
 F = Levels seen in this place.
 G = Mean time per level.
                   A        B        C        D        E       F      G
               +--------+--------+--------+--------+--------+-----+--------+
         Total |  20188 |  19417 |    771 |   5174 |  10866 |  16 | 1261.8 |
       Dungeon |  13583 |  12919 |    664 |   3130 |   7716 |  10 | 1358.3 |
        Temple |    150 |    146 |      4 |     60 |     74 |   1 |  150.0 |
          Lair |   2334 |   2231 |    103 |    210 |   1712 |   2 | 1167.0 |
         Sewer |    992 |    992 |      0 |    177 |    658 |   1 |  992.0 |
       Ossuary |    878 |    878 |      0 |    307 |    254 |   1 |  878.0 |
        Bailey |   2249 |   2249 |      0 |   1289 |    452 |   1 | 2249.0 |
               +--------+--------+--------+--------+--------+-----+--------+

Top non-repeatable levels by time:
     D:9: 2467 daAuts
  Bailey: 2249 daAuts
     D:6: 2098 daAuts
    D:10: 1463 daAuts
  Lair:2: 1264 daAuts
     D:5: 1234 daAuts
     D:1: 1222 daAuts
     D:2: 1198 daAuts
     D:4: 1153 daAuts
  Lair:1: 1069 daAuts
   Sewer: 992 daAuts
     D:7: 969 daAuts
     D:3: 962 daAuts
 Ossuary: 878 daAuts
     D:8: 811 daAuts
